 Dungeon Crawl Stone Soup version 0.26-a0-598-g61e6210cf4 (webtiles) character file.

Game seed: 2794991310543769287

954 Eifo4Ohj9gu9Dob0ohLe the Slasher (level 7, -2/61 HPs)
             Began as a Black Draconian Berserker on Aug 28, 2020.
             Was a Priest of Trog.
             Slain by a hound (4 damage)
             ... on level 6 of the Dungeon.
             The game lasted 00:12:19 (3912 turns).

Eifo4Ohj9gu9Dob0ohLe the Slasher (DrBe)             Turns: 3912, Time: 00:12:19

Health: -2/61      AC:  6    Str: 21    XL:     7   Next: 91%
Magic:  7/7        EV: 14    Int:  8    God:    Trog [***...]
Gold:   197        SH:  0    Dex: 10    Spells: 6/6 levels left

rFire    . . .     SeeInvis .   a - +0 falchion
rCold    . . .     Faith    .   (no shield)
rNeg     . . .     Spirit   .   (armour unavailable)
rPois    .         Reflect  .   (helmet restricted)
rElec    +         Harm     .   (no cloak)
rCorr    .                      (no gloves)
MR       .....                  (no boots)
Stlth    ++........             (no amulet)
HPRegen  0.20/turn              (no ring)
MPRegen  0.10/turn              (no ring)

@: berserk cooldown, slowed, very slow
A: breathe lightning, unfitting armour, electricity resistance, cold-blooded, AC
+6
a: Breathe Lightning, Berserk, Trog's Hand, Renounce Religion


You were on level 6 of the Dungeon.
You worshipped Trog.
Trog was most pleased with you.
You visited 1 branch of the dungeon, and saw 5 of its levels.

You collected 197 gold pieces.

Inventory:

Hand Weapons
 a - a +0 falchion (weapon)
 h - a +3 dagger
 j - a +0 dagger
Jewellery
 l - an uncursed ring of resist corrosion {unknown}
Scrolls
 c - 2 scrolls of blinking {unknown}
 d - 4 scrolls of identify {unknown}
 f - a scroll of immolation {unknown}
 i - 2 scrolls of teleportation {unknown}
 m - a scroll of fog {unknown}
 o - a scroll of amnesia {unknown}
 r - 2 scrolls of remove curse {unknown}
 s - a scroll of enchant weapon {unknown}
Potions
 b - a potion of invisibility {unknown}
 e - a potion of haste {unknown}
 g - a potion of flight {unknown}
 k - a potion of might {unknown}
 n - 3 potions of heal wounds {unknown}
 p - 2 potions of stabbing {unknown}
 q - a potion of mutation {unknown}
 t - a potion of degeneration {unknown}


   Skills:
 + Level 5.2 Fighting
 + Level 6.8 Long Blades
 + Level 5.0 Dodging
 + Level 2.6 Stealth


You had 6 spell levels left.
You didn't know any spells.
Your spell library was empty.

Dungeon Overview and Level Annotations

Branches:
Dungeon (6/15)
 Temple: D:4-7

Altars:
Ashenzari
Elyvilon
Trog
Xom
The Shining One


Innate Abilities, Weirdness & Mutations

You can breathe wild blasts of lightning.
Your glossy black scales are hard. (AC +6)
You cannot fit into any form of body armour.
You are resistant to electric shocks. (rElec)
You are cold-blooded and may be slowed by cold attacks.


Message History

You slash the orc priest!
You kill the orc priest!
Trog accepts your kill.
You start resting.
You are no longer berserk.
You are exhausted.
You feel yourself slow down.
You start resting.
A hound comes into view.
An orc wizard comes into view. It is wielding a +0 dagger.
You have got your breath back.
The hound barks!
You hear a shout!
The orc wizard casts a spell at you.
The magic dart hits you but does no damage.
The orc wizard casts a spell.
The orc wizard seems to speed up.
The hound bites you.
* * * LOW HITPOINT WARNING * * *
The hound bites you.
You die...

########### #.(.......#
#.........# #..........
##### #..?......#
#...###..........
####...##..........#
#..[<.@h.)))o.......
.....$.##...[...)).......
.#.#### ##.#....#..#..###
#.###.###..#.# #.# #.#
..# # #.# #.. ....
##.####.# ..... #...# ..
..... #.#.# ...


You could see a hound and an orc wizard (fast).

Vanquished Creatures
  A water moccasin (D:5)
  An orc warrior (D:6)
  2 phantoms
  An ice beast (D:6)
  A bullfrog (D:6)
  A howler monkey (D:6)
  2 orc wizards (D:6)
  4 orc priests (D:6)
  An iguana (D:5)
  A worker ant (D:5)
  Robin (D:2)
  4 adders
  An adder zombie (D:3)
  2 adder skeletons
  A worm (D:3)
  2 dart slugs (D:2)
  A leopard gecko (D:3)
  4 orcs
  9 giant cockroaches
  16 goblins
  11 hobgoblins
  11 jackals
  A quokka (D:5)
  12 bats
  4 frilled lizards
  10 kobolds
  A leopard gecko zombie (D:5)
  9 rats
115 creatures vanquished.

Notes
Turn   | Place    | Note
-------+----------+-------------------------------------------
     0 | D:1      | Eifo4Ohj9gu9Dob0ohLe the Draconian Berserker began the
                  | quest for the Orb.
     0 | D:1      | Reached XP level 1. HP: 19/19 MP: 1/1
   346 | D:1      | Reached XP level 2. HP: 21/26 MP: 2/2
  1085 | D:2      | Reached XP level 3. HP: 33/33 MP: 3/3
  1098 | D:2      | Reached ** piety under Trog
  1144 | D:2      | Noticed Robin
  1157 | D:2      | Killed Robin
  1162 | D:2      | Reached XP level 4. HP: 31/40 MP: 4/4
  1756 | D:2      | Found a faded altar of an unknown god.
  1814 | D:2      | Reached skill level 1 in Stealth
  1835 | D:2      | Found a bloodstained altar of Trog.
  1836 | D:2      | Reached skill level 4 in Long Blades
  1839 | D:2      | Found a shattered altar of Ashenzari.
  1842 | D:2      | Found a white marble altar of Elyvilon.
  2101 | D:3      | Reached *** piety under Trog
  2101 | D:3      | Reached XP level 5. HP: 37/46 MP: 5/5
  2478 | D:3      | You fall into a shaft and drop 3 floors!
  2598 | D:6      | Noticed an ice beast
  2614 | D:5      | Entered Level 5 of the Dungeon
  2743 | D:5      | Noticed a phantom
  2770 | D:5      | Killed a phantom
  2770 | D:5      | Reached skill level 5 in Long Blades
  2770 | D:5      | Reached XP level 6. HP: 24/53 MP: 6/6
  3021 | D:5      | Noticed a water moccasin
  3029 | D:5      | Killed a water moccasin
  3386 | D:5      | Found a glowing golden altar of the Shining One.
  3430 | D:5      | Found a shimmering altar of Xom.
  3431 | D:5      | Found a shimmering altar of Xom.
  3432 | D:5      | Found a shimmering altar of Xom.
  3452 | D:5      | Found a shimmering altar of Xom.
  3657 | D:6      | Noticed an ice beast
  3662 | D:6      | Your scales start taking on a glossy black colour.
  3662 | D:6      | Reached XP level 7. HP: 60/60 MP: 7/7
  3662 | D:6      | Gained mutation: You are resistant to electric shocks.
                  | (rElec) [Black Draconian growth]
  3666 | D:6      | Reached skill level 6 in Long Blades
  3888 | D:6      | Reached skill level 5 in Fighting
  3893 | D:6      | Reached skill level 5 in Dodging
  3899 | D:6      | HP: 2/91 [orc priest/divine providence (13)]
  3912 | D:6      | HP: 2/61 [hound (2)]
  3912 | D:6      | Slain by a hound

Illustrated notes

Levels and vault maps discovered:
D:1:      tarquinn_simple_flora_water_a, layout_basic
D:2:      kennysheep_six_static_rooms, layout_rooms, grunt_temple_overflow_open,
          chequers_ecumenical_altar_grove, uniq_robin
D:3:      layout_rooms, nicolae_dithmenos_through_a_glass_darkly
D:5:      layout_basic, old_standard_altar, xom_redecorated
D:6:      minmay_general_purpose_star, layout_rooms

Skill      XL: |  1  2  3  4  5  6  7 |
---------------+----------------------+-----
Dodging        | 3 4 5 |  5.0
Fighting       | 4 5 |  5.2
Stealth        | 1 2 |  2.6
Long Blades    | 4 5 6 |  6.8

Action                   |  1- 3 |  4- 6 |  7- 9 || total
-------------------------+-------+-------+-------++-------
Melee: Falchion          |    90 |   196 |    34 ||   320
       Tailslap          |    11 |    34 |     4 ||    49
Invok: Berserk           |     2 |     3 |     1 ||     6
 Abil: Breathe Lightning |       |       |     2 ||     2
 Stab: Sleeping          |       |     2 |       ||     2
Armor: Skin              |    33 |    65 |     6 ||   104
Dodge: Dodged            |    62 |   205 |    19 ||   286
       Rpst.: Falchion   |    17 |    71 |     8 ||    96

Table legend: (Time is in decaauts)
 A = Elapsed time spent in this place.
 B = Non-inter-level travel time spent in this place.
 C = Inter-level travel time spent in this place.
 D = Time resting spent in this place.
 E = Time spent auto-exploring this place.
 F = Levels seen in this place.
 G = Mean time per level.
                   A        B        C        D        E       F      G
               +--------+--------+--------+--------+--------+-----+--------+
         Total |   3984 |   3900 |     84 |   1395 |   1436 |   5 |  796.8 |
       Dungeon |   3984 |   3900 |     84 |   1395 |   1436 |   5 |  796.8 |
               +--------+--------+--------+--------+--------+-----+--------+

Top non-repeatable levels by time:
     D:2: 1102 daAuts
     D:5: 1041 daAuts
     D:1: 859 daAuts
     D:3: 553 daAuts
     D:6: 427 daAuts
